 Dungeon Crawl Stone Soup version 0.30-a0-847-g17996783a1 (webtiles) character file.

Game seed: 16267397074049621316

134 Dittersdorf the Shield-Bearer (level 5, -7/33 HPs)
             Began as a Gargoyle Fighter on Mar 3, 2023.
             Was an Initiate of Okawaru.
             Killed by divine providence
             ... invoked by an orc priest
              (12 damage)
             ... on level 3 of the Dungeon.
             The game lasted 00:02:55 (1973 turns).

Dittersdorf the Shield-Bearer (Gargoyle Fighter)    Turns: 1973, Time: 00:02:56

Health: -7/33      AC: 12    Str: 21    XL:     5   Next: 17%
Magic:  5/5        EV:  9    Int:  9    God:    Okawaru [......]
Gold:   111        SH:  9    Dex:  9    Spells: 4/4 levels left

rFire   . . .      SeeInvis .    a - +0 flail
rCold   . . .      Faith    .    c - +0 buckler
rNeg    + . .      Spirit   .    b - +0 scale mail
rPois   ∞          Reflect  +    p - +0 helmet
rElec   +          Rampage  .    (no cloak)
rCorr   .                        (no gloves)
Will    .....                    (no boots) Stlth
                                 f - amulet of reflection
HPRegen 0.25/turn                (no ring)
MPRegen 0.09/turn                (no ring)

@: no status effects
A: sickness immunity, AC +4, negative energy resistance 1, electricity
resistance, torment resistance 1, petrification resistance
a: Renounce Religion


You were on level 3 of the Dungeon.
You worshipped Okawaru.
Okawaru was noncommittal.
You visited 1 branch of the dungeon, and saw 3 of its levels.

You collected 111 gold pieces.

Inventory:

Hand Weapons
 a - a +0 flail (weapon)
Armour
 b - a +0 scale mail (worn)
 c - a +0 buckler (worn)
 p - a +0 helmet (worn)
Jewellery
 f - an amulet of reflection (around neck)
Scrolls
 e - a scroll of magic mapping {unknown}
 g - 3 scrolls of identify {unknown}
 h - 4 scrolls of teleportation {unknown}
 l - 2 scrolls of immolation {unknown}
 m - a scroll of enchant armour {unknown}
 o - a scroll of poison {unknown}
 q - a scroll of blinking {unknown}
Potions
 d - a potion of might
 i - a potion of brilliance {unknown}
 j - a potion of attraction {unknown}
 k - 2 potions of curing {unknown}
 n - a potion of invisibility {unknown}


   Skills:
 + Level 4.1 Fighting
 + Level 3.1 Maces & Flails
 + Level 4.2 Armour
 + Level 4.2 Shields


You had 4 spell levels left.
You didn't know any spells.
Your spell library contained the following spells:

 Spells                   Type           Power      Damage    Failure   Level
 Ignite Poison            Fire/Tmut/Pois 0%         N/A       99%         3
 Kindle Blastsparks       Fire/Tloc/Air  0%         2d10      99%         3
 Freezing Cloud           Conj/Ice/Air   0%         6-21      100%        5


Dungeon Overview and Level Annotations

Branches:
Dungeon (3/15)

Altars:
Elyvilon
Okawaru
Uskayaw


Innate Abilities, Weirdness & Mutations

You are immune to sickness and miasma.
Your stone body is resilient. (AC +4)
You are immune to poison.
You resist negative energy. (rN+)
You are resistant to electric shocks. (rElec)
You are resistant to unholy torment.
You are immune to petrification.


Message History

Okawaru accepts your kill.
The orc priest hits you with a +0 morningstar.
You hit the orc priest.
The orc priest is moderately wounded.
The orc priest hits you with a +0 morningstar.
You closely miss the orc priest.
The orc priest is moderately wounded.
The orc priest hits you with a +0 morningstar.
You sock the orc priest!
The orc priest is almost dead.
The orc priest hits you with a +0 morningstar!
You are too injured to fight recklessly!
You are too injured to fight recklessly!
You are too injured to fight recklessly!
You are too injured to fight recklessly!
You are too injured to fight recklessly!
You are too injured to fight recklessly!
You are too injured to fight recklessly!
You are too injured to fight recklessly!
You are too injured to fight recklessly!
You are too injured to fight recklessly!
You are too injured to fight recklessly!
You are too injured to fight recklessly!
You are too injured to fight recklessly!
You are too injured to fight recklessly!
You are too injured to fight recklessly!
You are too injured to fight recklessly!
You are too injured to fight recklessly!
You are too injured to fight recklessly!
You are too injured to fight recklessly!
You hit the orc priest.
The orc priest is almost dead.
The orc priest barely misses you.
You barely miss the orc priest.
The orc priest is almost dead.
The orc priest hits you with a +0 morningstar!
* * * LOW HITPOINT WARNING * * *
The orc priest calls down the wrath of Beogh upon you.
Beogh smites you!
You die...

######### #.....<.#
#.#####.# #.# #.#
#######.### #.#
..........###.#####
##.##.#........@oo#
###.##......##.###.#
..#.##.#...###.# #
....##.#.......#
#.#.##.##.######
..#.##.# .# .b.....#
+# ..###### #.#


You could see an orc priest and an orc.

Vanquished Creatures
  Terence (D:3)
  Robin (D:2)
  2 adders (D:2)
  4 dart slugs
  2 orcs (D:3)
  4 endoplasms
  A giant cockroach (D:1)
  13 goblins
  6 hobgoblins
  11 jackals
  A quokka (D:1)
  2 ball pythons (D:1)
  4 bats
  3 frilled lizards
  6 kobolds
  4 rats
65 creatures vanquished.

Notes
Turn   | Place    | Note
-------+----------+-------------------------------------------
     0 | D:1      | Dittersdorf the Gargoyle Fighter began the quest for the
                  | Orb.
     0 | D:1      | Reached XP level 1. HP: 14/14 MP: 1/1
   132 | D:1      | Reached XP level 2. HP: 18/19 MP: 2/2
   524 | D:1      | Reached XP level 3. HP: 23/23 MP: 3/3
  1086 | D:2      | Found an iron altar of Okawaru.
  1091 | D:2      | Became a worshipper of Warmaster Okawaru
  1132 | D:2      | Reached XP level 4. HP: 29/29 MP: 4/4
  1474 | D:3      | Noticed Robin
  1499 | D:2      | Killed Robin
  1806 | D:3      | Noticed Terence
  1815 | D:3      | Killed Terence
  1816 | D:3      | Reached XP level 5. HP: 28/33 MP: 5/5
  1862 | D:3      | Found a faded altar of an unknown god.
  1889 | D:3      | Found a white marble altar of Elyvilon.
  1906 | D:3      | Noticed a +0 hand axe
  1906 | D:3      | Noticed a +0 hand axe
  1909 | D:3      | Found a hide-covered altar of Uskayaw.
  1973 | D:3      | Killed from afar by an orc priest

Illustrated notes

Levels and vault maps discovered:
D:1:      wheals_arrival_shading, layout_basic, serial_park_tiny_pond,
          amethyst_killhole
D:2:      layout_rooms, basic_altar
D:3:      layout_loops_corners, dancing_weapons_uskayaw,
          nicolae_elyvilon_peaceful_grove, shapermc_ecumenical_altar_hornbeckon,
          uniq_terence, uniq_robin, uniq_sigmund

Skill      XL: |  1  2  3  4 |
---------------+-------------+-----
Shields        | 4 |  4.2
Armour         | 4 |  4.2
Fighting       | 4 |  4.1
Maces & Flails | 3 |  3.1

Action                     |  1- 3 |  4- 6 || total
---------------------------+-------+-------++-------
  Melee: Flail             |   158 |    90 ||   248
 Armour: Scale mail        |    70 |    56 ||   126
  Dodge: Dodged            |    74 |    53 ||   127
  Block: Buckler           |    96 |    73 ||   169
         Reflection        |     2 |       ||     2

Table legend: (Time is in decaauts)
 A = Elapsed time spent in this place.
 B = Non-inter-level travel time spent in this place.
 C = Inter-level travel time spent in this place.
 D = Time resting spent in this place.
 E = Time spent auto-exploring this place.
 F = Levels seen in this place.
 G = Mean time per level.
                   A        B        C        D        E       F      G
               +--------+--------+--------+--------+--------+-----+--------+
         Total |   2062 |   1952 |    110 |     23 |   1402 |   3 |  687.3 |
       Dungeon |   2062 |   1952 |    110 |     23 |   1402 |   3 |  687.3 |
               +--------+--------+--------+--------+--------+-----+--------+

Top non-repeatable levels by time:
     D:1: 1050 daAuts
     D:2: 560 daAuts
     D:3: 451 daAuts
